 Dungeon Crawl Stone Soup version 0.29-a0-289-g2178c42546 (webtiles) character file.

Game seed: 3672959687780649756

2681 Inarius the Gouger (level 9, 0/31 HPs)
             Began as a Felid Chaos Knight on Mar 16, 2022.
             Was a Plaything of Xom.
             Killed from afar by a steam dragon (17 damage)
             ... with a ball of steam
             ... on level 8 of the Dungeon on Mar 17, 2022.
             The game lasted 00:23:40 (10307 turns).

Inarius the Gouger (Felid Chaos Knight)            Turns: 10307, Time: 00:23:40

Health: 0/31       AC: 10    Str:  6 (8)  XL:     9   Next: 37%
Magic:  10/10      EV: 21    Int: 13      God:    Xom [*.....]
Gold:   242        SH:  0    Dex: 16 (20) Spells: 6/8 levels left
                                        Lives:  0   Deaths: 2

rFire   . . .      SeeInvis +     - Unarmed
rCold   . . .      Faith    .   (shield unavailable)
rNeg    . . .      Spirit   .   (body armour unavailable)
rPois   .          Reflect  .   (helmet unavailable)
rElec   .          Harm     .   (cloak unavailable)
rCorr   .          Rampage  .   (gloves unavailable)
Will    ++...      Rnd*Tele +   (boots unavailable)
Stlth   ++++......              o - amulet of regeneration
HPRegen 0.90/turn               s - +4 ring of protection
MPRegen 0.12/turn               h - +4 ring of protection

@: quick
A: very small, claws 1, fangs 3, see invisible, speed 1, shaggy fur 2, stealthy
paws, no weapons or thrown items, no armour, multi-lived, deterioration 1, frail
2, strong-willed 1, mutation resistance 1, teleportitis 1
a: Renounce Religion


You were on level 8 of the Dungeon.
You worshipped Xom.
You were a special plaything of Xom.
You visited 1 branch of the dungeon, and saw 8 of its levels.
You also visited: Sewer and Ossuary.

You collected 784 gold pieces.
You spent 542 gold pieces at shops.

Inventory:

Jewellery
 d - an amulet of magic regeneration
 h - a +4 ring of protection (right paw)
 o - an amulet of regeneration (around neck)
 r - a ring of protection from cold
 s - a +4 ring of protection (left paw)
 t - a +6 ring of strength
Wands
 i - a wand of charming (4)
 x - a wand of mindburst (6)
Scrolls
 e - 6 scrolls of noise
 f - a scroll of teleportation
 g - 2 scrolls of vulnerability
 m - a scroll of amnesia
 n - a scroll of immolation
 v - 2 scrolls of fog {unknown}
 w - a scroll of summoning {unknown}
 y - a scroll of torment {unknown}
 z - 3 scrolls of fear
Potions
 b - 2 potions of curing
 c - 2 potions of attraction
 j - a potion of haste
 k - 2 potions of invisibility {unknown}
 l - 2 potions of resistance {unknown}
 p - a potion of cancellation
 q - a potion of might {unknown}
 u - 10 potions of flight
Miscellaneous
 a - a piece from Xom's chessboard (6/15) (quivered)


   Skills:
 + Level 4.1 Fighting
 + Level 7.5 Dodging
 + Level 9.2 Stealth
 + Level 9.7 Unarmed Combat
 + Level 4.8 Evocations


You had 6 spell levels left.
You knew the following spells:

 Your Spells              Type           Power      Damage    Failure   Level
a - Passwall              Tmut/Erth      0%         N/A       43%         2

Your spell library contained the following spells:

 Spells                   Type           Power      Damage    Failure   Level
 Sandblast                Erth           0%         2d4       30%         1
 Slow                     Hex            0%         N/A       30%         1
 Ensorcelled Hibernation  Hex/Ice        0%         N/A       43%         2
 Confusing Touch          Hex            0%         N/A       67%         3
 Stone Arrow              Conj/Erth      0%         3d7       67%         3
 Swiftness                Air            0%         N/A       67%         3
 Vampiric Draining        Necr           0%         2d6       67%         3


Dungeon Overview and Level Annotations

Branches:
Dungeon (8/15)             Temple (0/1) D:4           Sewer (visited)
Ossuary (visited)
   Lair: D:8-11

Altars:
Ashenzari
Makhleb
Xom
The Shining One

Shops:
D:2 *=!*?   D:4 (*((*   D:5 (

Annotations:
D:8 2 transporters, exclusion: ice statue, anonymous's ghost, novice NaGl


Innate Abilities, Weirdness & Mutations

You have sharp claws.
You have razor-sharp teeth.
You have supernaturally acute eyesight. (SInv)
You cover ground quickly. (Speed+)
You are covered in thick fur. (AC +2)
Your paws help you pounce on unaware monsters.
You are incapable of wielding weapons or throwing items.
You cannot wear armour.
You gain extra lives every three experience levels.
Your body sometimes deteriorates upon taking damage.
You are very frail. (-20% HP)
You are strong-willed. (Will+)
You are somewhat resistant to further mutation.
You are occasionally teleported next to monsters.


Message History

HP restored.
You see here a +0 rapier.
Found 26 stones.
Found a transporter.
Found a transporter.
Found a hunting sling.
Found a stone staircase leading up.
There is a transporter here.
Anonymous's ghost turns its malevolent gaze towards you.
You hear an angry buzzing noise.
There is a stone staircase leading up here.
A steam dragon comes into view.
A steam dragon is nearby!
A steam dragon is nearby!
A steam dragon is nearby!
Found a short sword.
The steam dragon misses you. x2
You scratch the steam dragon but do no damage.
You scratch the steam dragon.
You bite the steam dragon, but do no damage.
The steam dragon is lightly wounded.
The steam dragon closely misses you. The steam dragon claws you.
You closely miss the steam dragon.
The steam dragon is lightly wounded.
The steam dragon barely misses you. x2
You scratch the steam dragon.
The steam dragon is lightly wounded.
You barely miss the steam dragon.
The steam dragon is lightly wounded.
The steam dragon misses you. The steam dragon completely misses you.
You scratch the steam dragon.
The steam dragon is lightly wounded.
The steam dragon breathes steam at you. The ball of steam hits you!
You emit a cloud of colourful smoke!
The steam dragon breathes steam at you. The ball of steam hits you!
Ouch! That really hurt!
You die...
Xom chuckles heartily!

#. #.#.## #(..# #.##..
#.#.# #...# #.##.# .##
#.#.# #...# #.....
...##...# ######## ..
####.# #y#)#.### #.. ..#
# #.# #.$#.## #.####.#
.# #.#
#.©#©.####....#§##..#
#..
#.$#.....<...§§§§D..#
###
#y#$#.#.##.....#@###.##
...##.#.##.............)
.#y #.#.##.....?.....###
$. #.#.##.##..###...# #.
#.#.##.##..# #.##
..#........# ...
.#####.##### ... #.# ...
#.


You could see a steam dragon (catching breath).

Vanquished Creatures
  2 steam dragons
  Edmund (D:6)
  2 acid dragons
  3 water moccasins
  An orc warrior (D:6)
  A sky beast (D:7)
  2 ice beasts
  2 centaurs
  2 elf zombies (Ossuary)
  A kobold brigand (D:7)
  2 gnoll sergeants
  A scorpion (D:5)
  A bullfrog (D:6)
  3 wights (D:8)
  A jelly (D:6)
  2 hounds
  3 orc priests
  3 gnoll shamans
  4 iguanas
  2 orc wizards
  2 mummies (Ossuary)
  19 gnolls
  14 adders
  5 river rats (Sewer)
  A shadow imp (D:7)
  A white imp (D:5)
  2 ufetubi
  A worm (D:2)
  2 dart slugs
  31 orcs
  4 endoplasms
  4 giant cockroaches
  2 gnoll zombies (Ossuary)
  9 goblins
  11 hobgoblins
  6 jackals
  10 quokkas
  8 ball pythons
  19 bats
  3 frilled lizards
  2 goblin zombies (Ossuary)
  4 hobgoblin zombies (Ossuary)
  11 kobolds
  4 orc zombies (Ossuary)
  7 rats
221 creatures vanquished.

Vanquished Creatures (collateral kills)
  A gnoll sergeant (D:4)
  A howler monkey (D:4)
  An adder (D:3)
  3 orcs
  A goblin (D:3)
  A hobgoblin (D:3)
8 creatures vanquished.

Vanquished Creatures (others)
  Menkaure (D:6)
  A gnoll (D:6)
  A goblin (D:2)
  21 plants (D:3)
24 creatures vanquished.

Grand Total: 253 creatures vanquished

Notes
Turn   | Place    | Note
-------+----------+-------------------------------------------
     0 | D:1      | Inarius the Felid Chaos Knight began the quest for the Orb.
     0 | D:1      | Reached XP level 1. HP: 10/10 MP: 2/2
   302 | D:1      | XOM: noise
   401 | D:1      | Reached XP level 2. HP: 14/14 MP: 3/3
   438 | D:1      | XOM is BORED!
   449 | D:1      | XOM: summons 1 hostile shadow creature
   480 | D:1      | XOM: stat loss: -1 Dex (14/15)
   638 | D:1      | Reached skill level 1 in Stealth
  1384 | D:1      | XOM: give mutations
  1384 | D:1      | Gained mutation: You are dopey. (Int -2) [Xom's mischief]
  1384 | D:1      | Gained mutation: Your body sometimes deteriorates upon
                  | taking damage. [Xom's mischief]
  1724 | D:2      | Reached XP level 3. HP: 17/17 MP: 4/4
  1748 | D:2      | Reached skill level 1 in Evocations
  1752 | D:2      | XOM: butterfly on damage
  2134 | D:2      | XOM: summons 3 hostile shadow creatures
  2249 | D:2      | Reached XP level 4. HP: 15/21 MP: 5/5
  2355 | D:2      | Found Foexurr's Distillery.
  2378 | D:2      | Bought a potion of curing for 36 gold pieces
  2458 | D:2      | XOM: silly message
  2505 | D:2      | XOM: give mutations
  2505 | D:2      | Gained mutation: You are somewhat resistant to further
                  | mutation. [Xom's mischief]
  2505 | D:2      | Lost mutation: You are dopey. (Int -2) [Xom's mischief]
  2505 | D:2      | Gained mutation: You are frail. (-10% HP) [Xom's mischief]
  2505 | D:2      | Gained mutation: Your magical capacity is low. (-10% MP)
                  | [Xom's mischief]
  2688 | D:2      | Found Jozi's Assorted Antiques.
  2696 | D:2      | Found Opperil's Magic Scroll Shop.
  2926 | D:2      | Found Kuemnaple's Assorted Antiques.
  2949 | D:2      | Found Kot Niod's Jewellery Emporium.
  2956 | D:2      | XOM: divination: detect creatures
  3128 | D:2      | XOM: scenery: create altars
  3135 | D:3      | Found a faded altar of an unknown god.
  3161 | D:3      | Identified the +0 pair of gloves of Dishonour {rN+}
  3173 | D:3      | XOM: give mutations
  3173 | D:3      | Gained mutation: Your mind is acute. (Int +2) [Xom's grace]
  3173 | D:3      | Gained mutation: You have a pair of small antennae on your
                  | head. [Xom's grace]
  3320 | D:3      | Shot with an arrow by a hobgoblin
  3321 | D:3      | Reached XP level 3. HP: -1/15 MP: 3/3
  3415 | D:3      | Reached XP level 4. HP: 18/18 MP: 4/4
  3498 | D:3      | Noticed an ice beast
  3533 | D:3      | XOM: divination: detect items
  3561 | D:3      | Killed an ice beast
  3562 | D:3      | Reached XP level 5. HP: 21/21 MP: 5/5
  3876 | D:3      | XOM: divination: detect creatures
  4283 | D:4      | XOM: divination: detect creatures
  4297 | D:4      | XOM: cloud trail
  4386 | D:4      | Found Umint's Antique Weapon Shoppe.
  4453 | D:4      | Found Ofarohe's Assorted Antiques.
  4564 | D:4      | Reached skill level 5 in Stealth
  4564 | D:4      | Gained mutation: You are covered in thick fur. (AC +2)
                  | [Felid growth]
  4564 | D:4      | Reached XP level 6. HP: 22/25 MP: 6/6
  4609 | D:4      | Reached skill level 5 in Unarmed Combat
  4664 | D:4      | Noticed an acid dragon
  4675 | D:4      | Found Zijeec's Weapon Emporium.
  4804 | D:4      | Found a staircase to the Ecumenical Temple.
  4836 | D:4      | XOM: 2-stop teleportation journey
  4882 | D:4      | Found Maystam's General Store.
  4941 | D:4      | XOM: scenery: summon butterflies
  5171 | D:2      | Bought an onyx ring for 110 gold pieces
  5179 | D:2      | Bought a scroll of identify for 22 gold pieces
  5179 | D:2      | Bought a scroll of identify for 22 gold pieces
  5179 | D:2      | Bought a scroll of identify for 22 gold pieces
  5224 | D:4      | Found Weca's Antique Weapon Shoppe.
  5463 | D:4      | Killed an acid dragon
  5464 | D:4      | Reached XP level 7. HP: 27/27 MP: 7/7
  5471 | D:4      | XOM: scenery: 2 doors close
  5505 | D:4      | XOM: scenery: 1 doors open, 1 doors close
  5576 | D:5      | Entered Level 5 of the Dungeon
  5684 | D:5      | Found a broken altar of Ashenzari.
  5735 | D:5      | Found Qajasoq's Antique Weapon Shop.
  5810 | D:5      | Found a sand-covered staircase.
  5846 | Ossuary  | Entered an ossuary
  5855 | Ossuary  | XOM: confuse monster(s)
  5899 | Ossuary  | XOM: scenery: summon butterflies
  5903 | Ossuary  | XOM: enchant monster (good)
  6007 | Ossuary  | XOM: god gift: 23 stones
  6188 | D:5      | XOM: 3-stop teleportation journey
  6359 | D:5      | XOM: 3-stop teleportation journey
  6642 | D:5      | XOM: swap monsters
  6686 | D:5      | XOM: enchant monster (good)
  6699 | D:5      | XOM: 1-stop teleportation journey
  6719 | D:5      | Killed from afar by an orc priest
  6720 | D:5      | Reached XP level 6. HP: 0/25 MP: 6/6
  6776 | D:5      | XOM: torment (14/25 hp)
  7107 | D:5      | XOM: stat loss: -1 Int (14/15)
  7229 | D:2      | Bought an amulet of regeneration for 330 gold pieces
  7605 | D:6      | Noticed Menkaure
  7611 | D:6      | Your ally Menkaure died
  7622 | D:6      | XOM: potion effect (invisibility)
  7631 | D:6      | Reached XP level 7. HP: 27/27 MP: 7/7
  7678 | D:6      | Found a glowing drain.
  7697 | Sewer    | Entered a sewer
  7880 | Sewer    | XOM: give mutations
  7880 | Sewer    | Gained mutation: You are clumsy. (Dex -2) [Xom's mischief]
  7880 | Sewer    | Gained mutation: You are very frail. (-20% HP) [Xom's
                  | mischief]
  7880 | Sewer    | Gained mutation: You are extremely frail. (-30% HP) [Xom's
                  | mischief]
  7880 | Sewer    | Gained mutation: Your body often deteriorates upon taking
                  | damage. [Xom's mischief]
  7893 | Sewer    | Lost mutation: You have a pair of small antennae on your
                  | head. [potion of mutation]
  7893 | Sewer    | Lost mutation: Your magical capacity is low. (-10% MP)
                  | [potion of mutation]
  7893 | Sewer    | Gained mutation: You are resistant to electric shocks.
                  | (rElec) [potion of mutation]
  7895 | Sewer    | Lost mutation: You are resistant to electric shocks.
                  | (rElec) [potion of mutation]
  7895 | Sewer    | Lost mutation: You are extremely frail. (-30% HP) [potion
                  | of mutation]
  7895 | Sewer    | Gained mutation: You are strong-willed. (Will+) [potion of
                  | mutation]
  7896 | Sewer    | Lost mutation: Your body often deteriorates upon taking
                  | damage. [potion of mutation]
  7896 | Sewer    | Lost mutation: You are clumsy. (Dex -2) [potion of
                  | mutation]
  7896 | Sewer    | Lost mutation: Your mind is acute. (Int +2) [potion of
                  | mutation]
  8258 | Sewer    | XOM: summons 4 hostile shadow creatures
  8309 | D:6      | Noticed a steam dragon
  8322 | D:6      | Killed a steam dragon
  8323 | D:6      | Reached skill level 5 in Dodging
  8423 | D:6      | XOM: confusion
  8517 | D:6      | Found a glowing golden altar of the Shining One.
  8592 | D:6      | XOM: 6-stop teleportation journey
  8834 | D:6      | Noticed Edmund
  8854 | D:6      | XOM: enchant monster (bad)
  8862 | D:6      | XOM: swap monsters
  8871 | D:6      | Killed Edmund
  8872 | D:6      | Reached XP level 8. HP: 18/27 MP: 9/9
  8975 | D:7      | XOM: confuse monster(s)
  8996 | D:7      | XOM: enchant monster (good)
  9010 | D:6      | XOM: enchant monster (good)
  9157 | D:7      | XOM: noise
  9277 | D:7      | XOM: confuse monster(s)
  9464 | D:7      | XOM: butterfly on damage
  9480 | D:7      | XOM: summons 2 hostile demons
  9487 | D:7      | XOM: butterfly on damage
  9488 | D:7      | Reached XP level 9. HP: 2/31 MP: 10/10
  9511 | D:7      | XOM: noise
  9559 | D:7      | XOM: torment (17/31 hp)
  9660 | D:7      | Found a burning altar of Makhleb.
  9923 | D:8      | XOM: butterfly on damage
 10001 | D:8      | XOM: give mutation
 10001 | D:8      | Gained mutation: You are occasionally teleported next to
                  | monsters. [Xom's mischief]
 10007 | D:8      | XOM: torment (17/31 hp)
 10079 | D:8      | Upgraded the game from 0.29-a0-286-g41199d4a87 to
                  | 0.29-a0-289-g2178c42546
 10082 | D:8      | XOM: butterfly on damage
 10085 | D:8      | XOM: enchant monster (bad)
 10101 | D:7      | XOM: summons 5 hostile demons
 10129 | D:7      | Learned a level 2 spell: Passwall
 10193 | D:8      | Noticed an ice statue
 10193 | D:8      | Identified the amulet of Hybealam {Harm rF+ Regen+ Stlth+}
 10280 | D:8      | Found a transporter.
 10281 | D:8      | Noticed anonymous's ghost (novice NaGl)
 10283 | D:8      | Found a transporter.
 10306 | D:8      | XOM: smoke on damage
 10307 | D:8      | Killed from afar by a steam dragon

Illustrated notes

Levels and vault maps discovered:
D:1:      heliophobic_arrival_glass_houses, layout_basic, minivault_27,
          minmay_close_crescents
D:2:      layout_rooms, serial_shops, shop,
          nicolae_shop_competitors_out_of_business, nicolae_shop_trees, shop,
          nicolae_shop_temple_entry_statues_fountains
D:3:      layout_loops_ring, chequers_ecumenical_altar_simple_redux,
          serial_bayou_lagoon_a
D:4:      layout_basic, minmay_temple_entry_junction, serial_shops,
          nicolae_shop_hallway_plus, kennysheep_mini_moat, shop, shop,
          shop_coins, dk_vineyard_1, minmay_manual_mandibuliform
D:5:      layout_gridville, mainiacjoe_overflow_boulevard, serial_shops,
          nicolae_shop_trees, nicolae_ossuary_entry_false_entrances
D:6:      layout_basic, tso_altar, gup_sewer_entry_pipe, grunt_ministairs_14,
          eino_tiny_chamber, uniq_menkaure, uniq_edmund
D:7:      layout_cave_pools, marbit_many_paths, minmay_tree_intersection
D:8:      statuecave_lemuel, layout_loops_cross, gammafunk_ghost_hive,
          minmay_shop_grid_forest

Skill      XL: |  1  2  3  4  5  6  7  8  9 |
---------------+----------------------------+-----
Stealth        | 1 2 4 5 6 8 9 |  9.2
Evocations     | 1 2 4 3 |  4.8
Unarmed Combat | 4 5 7 9 |  9.7
Dodging        | 4 5 6 7 |  7.5
Fighting       | 4 |  4.1

Action                   |  1- 3 |  4- 6 |  7- 9 || total
-------------------------+-------+-------+-------++-------
Melee: Unarmed           |   116 |   182 |   503 ||   801
       Bite              |     9 |    19 |    55 ||    83
       Punch             |     1 |     7 |    25 ||    33
Evoke: Piece from Xom's  |     5 |     9 |    15 ||    29
       Wand              |     1 |     5 |     8 ||    14
  Use: Scroll            |       |     9 |     6 ||    15
       Potion            |       |       |     6 ||     6
 Stab: Sleeping          |     5 |    13 |    13 ||    31
       Invisible         |       |     1 |     6 ||     7
       Confused          |       |       |     4 ||     4
       Distracted        |       |       |     1 ||     1
       Petrifying        |       |       |     4 ||     4
       Petrified         |       |       |     2 ||     2
Armor: Skin              |     4 |    10 |   109 ||   123
Dodge: Dodged            |   114 |   132 |   576 ||   822

Table legend: (Time is in decaauts)
 A = Elapsed time spent in this place.
 B = Non-inter-level travel time spent in this place.
 C = Inter-level travel time spent in this place.
 D = Time resting spent in this place.
 E = Time spent auto-exploring this place.
 F = Levels seen in this place.
 G = Mean time per level.
                   A        B        C        D        E       F      G
               +--------+--------+--------+--------+--------+-----+--------+
         Total |   9203 |   8552 |    651 |   2121 |   3892 |  10 |  920.3 |
       Dungeon |   8328 |   7677 |    651 |   2121 |   3476 |   8 | 1041.0 |
         Sewer |    667 |    667 |      0 |      0 |    349 |   1 |  667.0 |
       Ossuary |    207 |    207 |      0 |      0 |     66 |   1 |  207.0 |
               +--------+--------+--------+--------+--------+-----+--------+

Top non-repeatable levels by time:
     D:1: 1957 daAuts
     D:4: 1364 daAuts
     D:5: 1250 daAuts
     D:2: 980 daAuts
     D:6: 903 daAuts
     D:3: 849 daAuts
     D:7: 689 daAuts
   Sewer: 667 daAuts
     D:8: 334 daAuts
 Ossuary: 207 daAuts
